 Dungeon Crawl Stone Soup version 0.17-a0-1719-g1afd5a1 (webtiles) character file.

41 kosy22 the Skirmisher (level 3, -2/33 HPs)
             Began as a Hill Orc Chaos Knight on Aug 27, 2015.
             Slain by an adder (5 damage)
             ... on level 2 of the Dungeon.
             The game lasted 00:04:14 (1419 turns).

kosy22 the Skirmisher (Hill Orc Chaos Knight)       Turns: 1419, Time: 00:04:14

Health: -2/33      AC:  5    Str: 15    XL:     3   Next: 52%
Magic:  3/3        EV: 11    Int: 12    God:    Xom [....*.]
Gold:   39         SH:  0    Dex: 10    Spells: 0 memorised, 2 levels left

rFire  . . .     SeeInvis .     a - +0 falchion (chaos)
rCold  . . .     Clarity  .     b - +2 leather armour
rNeg   . . .     SustAt   .     (no shield)
rPois  .         Gourm    .     (no helmet)
rElec  .         Spirit   .     (no cloak)
rCorr  .         Warding  .     (no gloves)
rMut   .         Stasis   .     (no boots)
MR     .....                    (no amulet)
Stlth  +.........               (no ring)
                                (no ring)

@: lethally poisoned (-2 -> -3), not resistant to hostile enchantments, very
unstealthy
A: no striking features
a: Renounce Religion


You were on level 2 of the Dungeon.
You worshipped Xom.
You were a beloved toy of Xom.
You were not hungry.

You visited 1 branch of the dungeon, and saw 2 of its levels.

You collected 39 gold pieces.

Inventory:

Hand weapons
 a - a +0 falchion of chaos (weapon)
Armour
 b - a +2 leather armour (worn)
Scrolls
 f - a scroll of recharging {unknown}
 g - a scroll of remove curse
 j - a scroll of amnesia {unknown}
Potions
 d - a potion of degeneration {unknown}
 e - a potion of ambrosia {unknown}
 h - a potion of curing {unknown}
 i - 2 potions of heal wounds {unknown}
Comestibles
 c - 2 bread rations


   Skills:
 + Level 4.1 Fighting
 + Level 4.0 Long Blades
 + Level 2.3 Armour
 + Level 1.3 Dodging
 + Level 0.1 Stealth


You had 2 spell levels left.
You didn't know any spells.

Dungeon Overview and Level Annotations

Branches:
Dungeon (2/15)

Altars:
Ashenzari
Qazlal
Xom


Message History

You destroy the plant!
The adder closely misses you. The adder bites you.
* * * LOW HITPOINT WARNING * * *
You hit the bush. You freeze the bush.
The bush is lightly damaged.
* * * LOW HITPOINT WARNING * * *
You feel sick. The adder closely misses you.
You hit the bush but do no damage.
The bush is lightly damaged.
The adder bites you but does no damage. The adder barely misses you.
You hit the bush but do no damage.
The bush is lightly damaged.
The adder bites you but does no damage.
You hit the bush but do no damage.
There is a sudden explosion of sparks!
The bush is moderately damaged.
You feel sick. The adder barely misses you. The adder closely misses you.
You hit the bush but do no damage.
The bush is moderately damaged.
The adder bites you.
You die...

#.#.#.[#...#
...........# #. .#
.......PP♣.### #.#.#
.≈≈(....♣♣♣.... .$.
≈≈≈≈..#.P♣♣.P.. ...
≈#≈≈≈.#P♣♣♣P.?.# #S#
≈≈#≈≈.#...♣P....###.#
8≈'...#...P♣ PPP.##.###
_≈≈.g......P♣♣.P@S....#
≈≈#...#.##.P.P........#
≈≈#≈..#.###########.#.#
≈≈≈≈..# # #.#.# ≈...≈.#
#...# ......# #.#.#
####.##
###########...#### #.#
#................# #.#
#.###..####.####.#


You could see an adder.

Vanquished Creatures
  2 oozes (D:1)
  A ball python (D:1)
  A giant cockroach (D:1)
  6 goblins
  6 hobgoblins (D:1)
  4 bats (D:1)
  3 giant newts (D:1)
  3 kobolds
  8 rats (D:1)
  A plant (D:2)
35 creatures vanquished.

Notes
Turn   | Place    | Note
--------------------------------------------------------------
     0 | D:1      | kosy22 the Hill Orc Chaos Knight began the quest for the Orb.
     0 | D:1      | Reached XP level 1. HP: 19/19 MP: 1/1
   130 | D:1      | Reached skill level 1 in Dodging
   144 | D:1      | Reached XP level 2. HP: 22/27 MP: 2/2
   206 | D:1      | Reached skill level 4 in Fighting
   451 | D:1      | XOM: divination: magic mapping
   469 | D:1      | XOM: divination: magic mapping
   679 | D:1      | XOM: silly message
   684 | D:1      | Reached XP level 3. HP: 30/33 MP: 3/3
  1004 | D:1      | XOM: scenery: create altars
  1195 | D:1      | XOM: scenery: create altars
  1290 | D:2      | Found a stormy altar of Qazlal.
  1331 | D:2      | Found a shattered altar of Ashenzari.
  1419 | D:2      | Slain by an adder

Vault maps used:
D:1:      dpeg_arrival_line_fractal, fountainhead
D:2:      nicolae_qazlal_general_emergency, old_standard_altar, serial_forest,
          infiniplex_forest_lined_2, infiniplex_forest_clump_curved,
          infiniplex_forest_lined_2, infiniplex_forest_pool,
          infiniplex_forest_corner_1

Action                   || total
-------------------------++-------
Melee: Falchion          ||   132
  Use: Scroll            ||     2
 Stab: Paralysed         ||     1
  Eat: Bread ration      ||     1
